 Dungeon Crawl Stone Soup version 0.21.1-1-g345015f (webtiles) character file.

27 tidbits the Charmwright (level 3, -1/31 HPs)
             Began as a Gnoll Skald on June 18, 2018.
             Slain by an orc
             ... wielding a +0 flail
              (3 damage)
             ... on level 2 of the Dungeon.
             The game lasted 00:02:52 (307 turns).

tidbits the Charmwright (Gnoll Skald)                Turns: 307, Time: 00:02:53

Health: -1/31      AC:  3    Str: 13    XL:     3   Next: 10%
Magic:  0/9        EV: 14    Int: 16    God:
Gold:   97         SH:  0    Dex: 14    Spells: 7/12 levels left

rFire    . . .     SeeInvis .   a - +0 hand axe
rCold    . . .     Gourm    .   (no shield)
rNeg     . . .     Faith    .   b - +0 leather armour
rPois    .         Spirit   .   (no helmet)
rElec    .         Reflect  .   (no cloak)
rCorr    .         Harm     .   (no gloves)
MR       .....                  (no boots)
Stlth    +.........             (no amulet)
HPRegen  0.10/turn              (no ring)
MPRegen  0.11/turn              (no ring)

@: no status effects
A: distributed training, fangs 1, strong nose
a: no special abilities


You were on level 2 of the Dungeon.
You were not hungry.

You visited 1 branch of the dungeon, and saw 3 of its levels.

You collected 97 gold pieces.

Inventory:

Hand Weapons
 a - a +0 hand axe (weapon)
 e - a cursed -1 spear
Missiles
 h - 29 stones (quivered)
Armour
 b - a +0 leather armour (worn)
 j - a +0 ring mail
 m - a +0 shield
Scrolls
 f - a scroll of amnesia {unknown}
 g - 3 scrolls of identify {unknown}
 i - 2 scrolls of magic mapping {unknown}
Potions
 l - a potion of lignification {unknown}
Books
 c - a book of Battle

   Spells                             Type                      Level
   a - Infusion                       Charms                       1
   b - Shroud of Golubria             Charms/Translocation         2
   c - Song of Slaying                Charms                       2
   d - Spectral Weapon                Hexes/Charms                 3
   e - Regeneration                   Charms/Necromancy            3
Comestibles
 d - a ration


   Skills:
 + Level 4.5 Fighting
 + Level 0.6 Short Blades
 + Level 0.6 Long Blades
 + Level 4.5 Axes
 + Level 0.6 Maces & Flails
 + Level 0.6 Polearms
 + Level 0.6 Staves
 + Level 0.6 Slings
 + Level 0.6 Bows
 + Level 0.6 Crossbows
 + Level 0.6 Throwing
 + Level 2.5 Armour
 + Level 4.5 Dodging
 + Level 0.6 Stealth
 + Level 0.6 Shields
 + Level 0.6 Unarmed Combat
 + Level 5.0 Spellcasting
 + Level 0.4 Conjurations
 + Level 0.4 Hexes
 + Level 5.4 Charms
 + Level 0.4 Summonings
 + Level 0.4 Necromancy
 + Level 0.4 Translocations
 + Level 0.4 Transmutations
 + Level 0.4 Fire Magic
 + Level 0.4 Ice Magic
 + Level 0.4 Air Magic
 + Level 0.4 Earth Magic
 + Level 0.4 Poison Magic
 + Level 0.8 Invocations
 + Level 0.6 Evocations


You had 7 spell levels left.
You knew the following spells:

 Your Spells              Type           Power        Failure   Level  Hunger
g - Shroud of Golubria    Chrm/Tloc      ##........   9%          2    #......
i - Infusion              Chrm           ###.         1%          1    None
y - Song of Slaying       Chrm           ###.....     3%          2    #......


Dungeon Overview and Level Annotations

Branches:
Dungeon (3/15)

Altars:


Innate Abilities, Weirdness & Mutations

Your experience applies equally to all skills.
You have very sharp teeth.
Your uncanny sense of smell can sniff out nearby items.


Message History

There is an escape hatch in the floor here.
Your magical infusion is running out.
There is a stone staircase leading up here.
You climb upwards.
There is a stone staircase leading down here.
Unknown command.
You are no longer magically infusing your attacks.
There is a stone staircase leading down here.
Found a mace.
There is a stone staircase leading down here.
HP restored.
You climb downwards.
There is a stone staircase leading up here.
Unknown command.
There is an escape hatch in the ceiling here.
Found a scroll labeled NIGHUHOORI.
You open the door.
A giant cockroach and 2 orcs come into view.
The orc shouts! x2; You hear a shout!
The orc moves out of view.
You hear a shout!
An orc comes into view. It is wielding a war axe.
Casting: Infusion
Confirm with . or Enter, or press ? or * to list all spells.
You begin infusing your attacks with magical energy.
An orc comes into view. It is wielding a flail.
You hit the orc! You bite the orc, but do no damage.
The orc is almost dead.
The orc closely misses you.
An orc wizard comes into view. It is wielding a dagger.
You hit the orc!
You kill the orc!
You hit the orc.
The orc is almost dead.
The orc misses you.
You slash the orc!
You kill the orc!
You have reached level 3!
Your experience leads to an increase in your attributes!
Increase (S)trength, (I)ntelligence, or (D)exterity?
You feel clever.
You hit the orc.
The orc is moderately wounded.
The orc wizard gestures wildly while chanting.
The orc wizard flickers and vanishes!
The orc barely misses you.
Unknown command.
You hit the orc.
The orc is severely wounded.
You barely miss the orc. The orc misses you. The orc hits you with a flail!
You barely miss the orc. You bite the orc, but do no damage.
The orc is severely wounded.
You hit the orc. The orc barely misses you. x2
You hit the orc.
The orc is almost dead.
You barely miss the orc. The orc closely misses you.
The orc hits you with a flail.
You hit the orc!
You kill the orc!
Your Spellcasting skill increases to level 5!
You hit the orc but do no damage. The orc barely misses you.
Unknown command.
You closely miss the orc.
The orc is almost dead.
Unknown command.
There is an escape hatch in the ceiling here.
The orc closely misses you. A mysterious force pulls you upwards.
The hatch slams shut behind you.
An adder comes into view.
The adder hisses angrily.
Found a scroll labeled WOTHUN UTAVE.
Found a stone staircase leading down.
You barely miss the adder. You hit the orc but do no damage.
The adder bites you. The orc hits you with a flail.
* * * LOW HITPOINT WARNING * * *
The adder bites you.
* * * LOW HITPOINT WARNING * * *
You hit the orc but do no damage. Your bite misses the orc.
The orc is almost dead.
You hit the adder. The orc closely misses you. The adder closely misses you.
You closely miss the orc.
The orc is almost dead.
You hit the adder. The adder closely misses you. The orc completely misses you.
The adder closely misses you.
You hit the orc but do no damage.
The orc is almost dead.
You barely miss the adder. The adder barely misses you.
The orc hits you with a flail!
* * * LOW HITPOINT WARNING * * *
You hit the orc but do no damage.
The orc is almost dead.
You hit the adder.
Your magical infusion is running out.
The adder closely misses you. The orc misses you.
It was a potion of cancellation.
Your magical effects are unravelling.
You feel magically purged.
You are no longer magically infusing your attacks.
The adder barely misses you. The adder closely misses you.
The orc hits you with a flail.
You die...

#.#.# #
#...#
..#####...#
.........>
.?.......#
.........#
#.....S..#
#.....o@.#
#........#
#........#
#........#
.........#
.........#
...#######
...


You could see an adder and an orc.

Vanquished Creatures
  A gnoll (D:1)
  A dart slug (D:1)
  3 orcs (D:3)
  A bat (D:1)
  A giant cockroach (D:1)
  A goblin (D:2)
  2 hobgoblins (D:1)
  A frilled lizard (D:1)
  A kobold (D:1)
12 creatures vanquished.

Notes
Turn   | Place    | Note
-------+----------+-------------------------------------------
     0 | D:1      | tidbits the Gnoll Skald began the quest for the Orb.
     0 | D:1      | Reached XP level 1. HP: 20/20 MP: 6/6
   100 | D:1      | Reached XP level 2. HP: 10/26 MP: 0/7
   104 | D:1      | Learned a level 2 spell: Song of Slaying
   107 | D:1      | Learned a level 2 spell: Shroud of Golubria
   152 | D:1      | HP: 2/26 [gnoll/spear (4)]
   291 | D:3      | Reached XP level 3. HP: 31/31 MP: 2/9
   296 | D:3      | Reached skill level 5 in Spellcasting
   305 | D:2      | HP: 2/31 [orc/flail (9)]
   307 | D:2      | Slain by an orc

Skill      XL: |  1  2  3 |
---------------+----------+-----
Spellcasting   | 5 |  5.0
Fighting       | |  4.5
Short Blades   | |  0.6
Long Blades    | |  0.6
Axes           | |  4.5
Maces & Flails | |  0.6
Polearms       | |  0.6
Staves         | |  0.6
Slings         | |  0.6
Bows           | |  0.6
Crossbows      | |  0.6
Throwing       | |  0.6
Armour         | |  2.5
Dodging        | |  4.5
Stealth        | |  0.6
Shields        | |  0.6
Unarmed Combat | |  0.6
Conjurations   | |  0.4
Hexes          | |  0.4
Charms         | |  5.4
Summonings     | |  0.4
Necromancy     | |  0.4
Translocations | |  0.4
Transmutations | |  0.4
Fire Magic     | |  0.4
Ice Magic      | |  0.4
Air Magic      | |  0.4
Earth Magic    | |  0.4
Poison Magic   | |  0.4
Invocations    | |  0.8
Evocations     | |  0.6

Action                   || total
-------------------------++-------
Melee: Hand axe          ||    42
       Bite              ||     3
 Cast: Infusion          ||     5
  Use: Potion            ||     2
Armor: Leather armour    ||     6
Dodge: Dodged            ||    37

Table legend:
 A = Turns spent in this place as a percentage of turns spent in the entire game.
 B = Non-inter-level travel turns spent in this place as a percentage of non-inter-level travel turns spent in the entire game.
 C = Inter-level travel turns spent in this place as a percentage of turns spent in this place.
 D = Turns resting spent in this place as a percentage of non-inter-level travel turns spent in this place.
 E = Turns spent auto-exploring this place as a percentage of non-inter-level travel turns spent in this place.
 F = Non-inter-level travel turns spent in this place divided by the number of levels of this place that you've seen.
                   A       B       C       D       E      F
               +-------+-------+-------+-------+-------+----------------------
         Total | 100.0 | 100.0 |   0.0 |   0.0 |   0.0 | 102.3
       Dungeon | 100.0 | 100.0 |   0.0 |   0.0 |   0.0 | 102.3
               +-------+-------+-------+-------+-------+----------------------

Table legend:
 A = Kills in this place as a percentage of kills in entire the game.
 B = Kills by you in this place as a percentage of kills by you in the entire game.
 C = Kills by friends in this place as a percentage of kills by friends in the entire game.
 D = Other kills in this place as a percentage of other kills in the entire game.
 E = Experience gained in this place as a percentage of experience gained in the entire game.
 F = Experience gained in this place divided by the number of levels of this place that you have seen.
                   A       B       C       D       E      F
               +-------+-------+-------+-------+-------+----------------------
         Total | 100.0 | 100.0 |   N/A |   N/A | 100.0 |  13.0
       Dungeon | 100.0 | 100.0 |   N/A |   N/A | 100.0 |  13.0
               +-------+-------+-------+-------+-------+----------------------

Vault maps used:
D:1:      grunt_arrival_lava_bath, minmay_nonomino_d4
D:2:      uniq_crazy_yiuf_cottage
